Map: Eternal Empire LE

Players

Fahrenheit

  • Race: Terran Terran
  • League: Diamond
  • Spawn Location: 7:00

ViBE - Winner!

  • Race: Terran Terran
  • League: Platinum
  • Spawn Location: 1:00

VOD

Have the link to the VOD?

Description

Time

  • Played on: Dec. 13, 2019, 7:36 p.m.
  • Length: 16:46
Show
View Real Time Build Order
Export as new Build Order

Fahrenheit Terran 

Build Orders: 1/1/1, Mech 

Get SALT Encoding   

  12  0:03  SCV  
  13  0:15  SCV  
  13  0:19  Supply Depot  
  14  0:25  Refinery  
  14  0:28  SCV  
  15  0:41  SCV  
  16  0:46  Barracks  
  16  0:53  SCV  
  16  0:56  Refinery  
  17  1:05  SCV  
  18  1:17  SCV  
  19  1:33  Reaper  
  19  1:34  Orbital Command  
  19  1:39  Factory  
  20  1:48  Supply Depot  
  20  2:00  SCV  
  21  2:05  Reaper  
  22  2:15  SCV  
  23  2:23  Hellion  
  23  2:27  SCV, Starport  
  26  2:38  Reaper  
  27  2:45  Hellion  
  29  2:55  Command Center  
  29  3:06  Supply Depot  
  29  3:10  Factory Tech Lab  
  29  3:11  Barracks Reactor  
  29  3:13  Starport Tech Lab  
  29  3:39  Siege Tank  
  29  3:40  Raven  
  30  4:01  Marine x2  
  29  4:13  SCV  
  29  4:22  Marine x2  
  29  4:23  Siege Tank  
  33  4:29  Orbital Command  
  33  4:33  SCV  
  34  4:49  Marine x2  
  36  4:57  Orbital Command  
  36  5:06  SCV  
  37  5:08  Marine x2  
  39  5:23  Starport Reactor  
  37  5:37  SCV x2  
  37  5:41  Siege Tank  
  37  5:42  Marine x2  
  44  5:49  SCV, Barracks  
  45  5:50  Barracks  
  45  5:53  Factory x2  
  45  5:56  SCV  
  46  6:01  SCV, Refinery  
  47  6:07  Command Center  
  47  6:09  SCV  
  47  6:10  Marine x2  
  50  6:13  SCV, Siege Tank  
  50  6:16  Supply Depot  
  54  6:37  Viking x2, Engineering Bay x2  
  54  6:38  SCV x2  
  60  6:40  Barracks Tech Lab  
  60  6:41  Barracks Tech Lab  
  60  6:48  Supply Depot  
  60  6:51  Supply Depot  
  60  6:53  Marine x2  
  62  7:02  Refinery  
  62  7:04  Factory Tech Lab  
  62  7:10  SCV x2  
  62  7:13  Siege Tank x2  
  70  7:19  Viking  
  70  7:22  SCV x2  
  74  7:25  Medivac  
  76  7:42  Orbital Command  
  76  7:43  SCV x2  
  75  7:51  Combat Shield, Stimpack  
  75  8:04  Orbital Command  
  75  8:09  Starport  
  75  8:13  SCV x2  
  75  8:15  Siege Tank  
  80  8:25  SCV x2  
  82  8:35  SCV  
  82  8:37  SCV x2  
  82  8:40  Terran Infantry Weapons Level 1, Terran Infantry Armor Level 1  
  85  8:47  SCV, Siege Tank  
  89  8:50  Siege Tank  
  92  9:00  SCV  
  93  9:04  Supply Depot x2  
  93  9:07  Supply Depot  
  93  9:11  Barracks x3  
  93  9:15  Barracks  
  93  9:26  SCV x3  
  96  9:38  SCV  
  97  9:39  SCV  
  97  9:40  SCV  
  97  9:44  Refinery, Command Center  
  97  9:45  Refinery  
  99  9:49  Starport Reactor  
  99  9:50  SCV, Armory  
  99  9:51  SCV  
  99  9:52  SCV, Concussive Shells  
  102  9:53  Siege Tank x2  
  102  9:54  Siege Tank  
  111  10:01  Viking  
  111  10:02  Viking  
  115  10:15  Marine  
  115  10:16  Barracks Reactor x2  
  115  10:17  Barracks Reactor x2  
  116  10:30  Supply Depot  
  116  10:31  Supply Depot, Viking  
  116  10:33  Supply Depot  
  118  10:43  Command Center  
  118  10:46  Command Center  
  75  11:02  Marine  
  75  11:03  Marine x11  
  84  11:10  Siege Tank  
  87  11:12  Siege Tank  
  90  11:18  Medivac  
  90  11:19  Medivac  
  90  11:20  Marine  
  90  11:21  Marine x3  
  98  11:32  Sensor Tower  
  98  11:35  Missile Turret x2  
  98  11:38  Missile Turret  
  98  11:40  Missile Turret  
  98  11:41  Terran Infantry Weapons Level 2  
  98  11:45  Terran Infantry Armor Level 2  
  98  11:49  Terran Ship Weapons Level 1  
  98  11:55  Planetary Fortress  
  98  12:15  SCV  
  98  12:16  SCV x2  
  98  12:18  Orbital Command  
  98  12:21  Orbital Command  
  101  12:28  SCV x3  
  104  12:33  Factory  
  104  12:35  Factory  
  104  12:48  Armory, Siege Tank x3  
  111  12:53  Viking x4  
  106  13:10  Orbital Command  
  105  13:24  Factory Tech Lab x2  
  73  13:46  Marine x2, Marauder x2  
  73  13:52  Barracks x2  
  73  13:53  Barracks, Orbital Command  
  64  14:00  Viking x4  
  62  14:07  Marauder  
  62  14:08  Marauder  
  71  14:10  Siege Tank  
  64  14:24  Orbital Command  
  64  14:29  Viking, Marauder  
  56  14:45  SCV  
  47  14:50  Barracks Tech Lab x3  
  43  14:53  SCV  
  43  14:57  SCV  
  39  15:06  SCV  
  39  15:09  SCV  
  39  15:13  Factory  
  40  15:17  Marauder x3  
  40  15:18  SCV  
  46  15:21  SCV  
  52  15:30  SCV  
  52  15:33  SCV  
  48  15:38  Marauder  
  48  15:40  Factory  
  48  15:42  SCV  
  51  15:43  Refinery  
  51  15:45  SCV  
  51  15:48  SCV  
  53  15:56  SCV  
  50  15:58  SCV  
  50  16:00  SCV  
  52  16:06  Marine  
  53  16:12  SCV x2  
  53  16:15  Marauder  
  53  16:19  SCV, Marauder  
  39  16:24  SCV  
  39  16:31  SCV  
Show
View Real Time Build Order
Export as new Build Order

ViBE Terran - Winner!

Build Orders: Reaper Expand, Mech 

Get SALT Encoding   

  12  0:00  SCV  
  13  0:12  SCV  
  14  0:17  Supply Depot  
  14  0:25  SCV  
  15  0:39  SCV  
  15  0:40  Barracks  
  16  0:45  Refinery  
  16  0:51  SCV  
  17  1:05  SCV  
  18  1:17  SCV  
  19  1:28  Reaper  
  19  1:30  Orbital Command  
  20  1:44  Command Center  
  20  1:55  SCV, Supply Depot  
  21  2:07  SCV  
  22  2:19  SCV  
  22  2:20  Factory  
  22  2:29  Refinery  
  22  2:31  SCV  
  22  2:33  Barracks Tech Lab  
  23  2:43  SCV  
  24  2:48  Supply Depot  
  24  2:55  SCV  
  24  2:56  Orbital Command  
  25  3:05  Starport  
  25  3:07  SCV  
  26  3:14  Siege Tank  
  30  3:20  SCV  
  30  3:26  SCV  
  30  3:32  SCV  
  31  3:46  Siege Tank  
  34  3:52  SCV x2  
  29  3:59  Viking  
  31  4:04  SCV  
  31  4:06  SCV  
  33  4:17  SCV  
  33  4:18  SCV  
  35  4:25  Siege Tank  
  35  4:29  SCV, Starport Tech Lab  
  35  4:30  SCV  
  40  4:41  SCV  
  40  4:42  SCV  
  40  4:44  Command Center  
  42  4:53  SCV  
  42  4:54  SCV  
  44  5:00  Raven  
  46  5:11  Supply Depot x2  
  46  5:12  Supply Depot  
  46  5:15  SCV  
  46  5:17  SCV  
  45  5:27  SCV  
  46  5:29  SCV  
  44  5:39  SCV  
  44  5:41  SCV  
  46  5:46  Armory  
  46  5:47  Refinery x2, Engineering Bay  
  46  5:51  SCV  
  46  5:53  SCV  
  46  5:55  Siege Tank  
  51  5:57  Orbital Command  
  51  6:04  SCV  
  52  6:05  SCV  
  52  6:06  Viking  
  55  6:16  SCV  
  55  6:18  SCV  
  57  6:25  Factory  
  57  6:28  SCV  
  57  6:30  SCV  
  57  6:31  SCV  
  60  6:36  Missile Turret  
  60  6:40  SCV, Missile Turret  
  60  6:42  SCV  
  60  6:44  Orbital Command  
  60  6:45  Viking  
  60  6:46  Terran Vehicle Weapons Level 1  
  64  6:53  SCV  
  65  6:54  SCV  
  66  7:04  Missile Turret  
  66  7:05  SCV  
  66  7:06  SCV, Supply Depot  
  66  7:07  Supply Depot x2  
  66  7:08  Factory Reactor  
  68  7:11  Thor  
  74  7:16  SCV  
  74  7:17  SCV  
  74  7:18  SCV  
  77  7:28  SCV  
  77  7:29  SCV  
  78  7:30  SCV  
  79  7:42  SCV  
  79  7:43  SCV x2  
  82  7:45  Hellion x2  
  82  7:50  Factory x2  
  86  7:51  Factory  
  86  7:53  Refinery  
  86  7:54  Refinery  
  86  7:55  SCV x3  
  89  8:07  SCV  
  90  8:22  SCV x3  
  90  8:26  Hellion  
  97  8:27  Hellion  
  97  8:29  Thor  
  97  8:30  Viking  
  97  8:34  SCV x3  
  107  8:37  Command Center  
  108  8:41  Factory Tech Lab x3  
  108  8:45  Armory  
  108  8:49  Factory  
  108  8:50  Supply Depot x3, Factory  
  108  8:51  Supply Depot x2  
  108  8:52  SCV  
  109  9:01  Terran Vehicle Weapons Level 2  
  109  9:12  SCV x2  
  111  9:24  SCV x2  
  102  9:33  Thor x3  
  102  9:35  Hellion  
  102  9:36  SCV x2, Hellbat  
  126  9:44  Orbital Command  
  126  10:02  Sensor Tower  
  126  10:07  Sensor Tower  
  126  10:11  SCV x3  
  128  10:17  Thor x2  
  128  10:19  Hellbat x2  
  138  10:53  Factory Reactor x2  
  138  10:54  Thor  
  138  10:55  Hellbat  
  138  10:56  Hellbat  
  136  10:57  SCV x3  
  136  11:02  Hellion x2  
  139  11:04  Refinery  
  139  11:10  Refinery  
  139  11:15  Planetary Fortress  
  139  11:17  SCV x2  
  139  11:18  SCV  
  142  11:20  Refinery  
  142  11:21  Refinery  
  142  11:29  SCV  
  142  11:31  SCV x2  
  145  11:35  Thor x2  
  145  11:36  Hellbat  
  145  11:37  Hellbat x2  
  163  11:41  SCV, Supply Depot  
  163  11:42  Supply Depot x2  
  163  11:43  Supply Depot  
  163  11:44  Supply Depot x2, Terran Vehicle And Ship Armor Level 1  
  164  11:58  Sensor Tower  
  164  12:03  Thor, Hellbat x3  
  164  12:07  Neosteel Armor  
  174  12:12  Command Center  
  174  12:42  Thor x3  
  174  12:43  Hellbat  
  174  12:44  Hellbat x3  
  200  12:58  Terran Vehicle Weapons Level 3  
  200  13:05  Factory  
  200  13:06  Factory  
  200  13:07  Factory  
  200  13:10  Factory  
  200  13:28  Refinery  
  200  13:32  Refinery  
  198  13:39  Terran Vehicle And Ship Armor Level 2  
  192  13:43  Thor  
  192  13:46  Hellbat  
  192  13:58  Planetary Fortress  
  192  14:01  Missile Turret  
  192  14:19  Thor  
  192  14:20  Factory Tech Lab x2  
  192  14:21  Factory Reactor, Factory Tech Lab  
  189  14:28  Thor  
  189  14:30  Hellbat x2  
  189  14:42  SCV  
  189  14:43  SCV x2  
  189  14:44  SCV, Command Center  
  193  14:46  SCV  
  193  14:51  Thor  
  200  15:11  Hi-Sec Auto Tracking  
  200  15:24  Command Center  
  200  15:27  Command Center  
  200  15:29  Command Center  
  200  15:31  Command Center  
  196  16:25  Command Center  
  196  16:32  Factory  
  196  16:34  Factory  
  196  16:35  Factory  
  196  16:36  Factory  
  196  16:41  Factory  
Tags
 
Add a new tag
Caveats
  • Supply blocks, unpowered buildings, or Contaminate may cause inaccurate times.
  • Supply counts are checked every 10 seconds.